PBL
PORTLAND ANGELS @ MIAMI BEACH MARLINS
06/17/2047
 
TOP OF THE 1ST
Portland Angels batting - Pitching for Miami Beach Marlins : RHP Ryan Weedon
Pitching: RHP Ryan Weedon
Batting: RHB Carlos Gonzales 0-0: Foul Ball, location: 2F
0-1: Ball
1-1: Ball
2-1: Ball
3-1: Fly out, F9 (Flyball, 9LD, EV 84.4 MPH)
Batting: RHB Fernando Sosa 0-0: Foul Ball, location: 2F
0-1: Ball
1-1: Swinging Strike
1-2: Strikes out swinging
Batting: LHB Ramon Garduno 0-0: Ball
1-0: Foul Ball, location: 2F
1-1: Ball
2-1: Foul Ball, location: 2F
2-2: Foul Ball, location: 2F
2-2: Strikes out swinging
Top of the 1st over - 0 runs, 0 hits, 0 errors, 0 left on base; Portland 0 - Miami Beach 0
BOTTOM OF THE 1ST
Miami Beach Marlins batting - Pitching for Portland Angels : RHP Hector Agudelo
Pitching: RHP Hector Agudelo
Batting: RHB Rafael Irizarry 0-0: Called Strike
0-1: SINGLE (Line Drive, 7S, EV 103.1 MPH)
Batting: RHB Melvin Nava 0-0: Called Strike
Rafael Irizarry steals 2nd base (no throw)
0-1: Fly out, F4 (Popup, 34S, EV 71.9 MPH)
Batting: RHB Scott Talbot 0-0: Called Strike
0-1: Foul Ball, location: 2F
0-2: SINGLE (Line Drive, 7S, EV 106.9 MPH)
Rafael Irizarry to third
Batting: RHB Clark Meagher 0-0: Foul Ball, location: 2F
0-1: Called Strike
0-2: Ball
1-2: Ball
2-2: Ball
3-2: Base on Balls
Scott Talbot to second
Batting: RHB Orlando Melendres 0-0: Foul Ball, location: 2F
0-1: Foul Ball, location: 2F
0-2: Ball
1-2: Foul Ball, location: 2F
1-2: Strikes out looking
Batting: RHB Hikaru Nakata 0-0: Called Strike
0-1: Foul Ball, location: 2F
0-2: Ground out U3 (Groundball, 34, EV 84.4 MPH)
Bottom of the 1st over - 0 runs, 2 hits, 0 errors, 3 left on base; Portland 0 - Miami Beach 0
TOP OF THE 2ND
Portland Angels batting - Pitching for Miami Beach Marlins : RHP Ryan Weedon
Batting: SHB Yuya Hirata 0-0: Called Strike
0-1: Ball
1-1: Ball
2-1: Ball
3-1: Base on Balls
Batting: RHB Arnaud Derosiers 0-0: Ball
1-0: Called Strike
1-1: Ball
2-1: Foul Ball, location: 2F
2-2: Strikes out swinging
Batting: LHB Kevin Feldman 0-0: Called Strike
0-1: Fielders Choice at 2nd, 6-4 (Groundball, 56, EV 108.1 MPH)
Batting: RHB Mario Martinez 0-0: Ground out 1-3 (Groundball, 15S, EV 75.0 MPH)
Top of the 2nd over - 0 runs, 0 hits, 0 errors, 1 left on base; Portland 0 - Miami Beach 0
BOTTOM OF THE 2ND
Miami Beach Marlins batting - Pitching for Portland Angels : RHP Hector Agudelo
Batting: SHB Emmet Brickowski 0-0: Ball
1-0: Ball
2-0: Foul Ball, location: 2F
2-1: Ball
3-1: Foul Ball, location: 2F
3-2: Foul Ball, location: 2F
3-2: Foul Ball, location: 2F
3-2: Strikes out swinging
Batting: RHB Troy Bush 0-0: Ball
1-0: Foul Ball, location: 2F
1-1: Foul Ball, location: 2F
1-2: Foul Ball, location: 2F
1-2: Strikes out swinging
Batting: LHB Henry Huezo 0-0: Ball
1-0: Called Strike
1-1: Ball
2-1: Called Strike
2-2: Strikes out looking
Bottom of the 2nd over - 0 runs, 0 hits, 0 errors, 0 left on base; Portland 0 - Miami Beach 0
TOP OF THE 3RD
Portland Angels batting - Pitching for Miami Beach Marlins : RHP Ryan Weedon
Batting: RHB Dan Contreras 0-0: Ball
1-0: Called Strike
1-1: Swinging Strike
1-2: Strikes out swinging
Batting: LHB David Coatney 0-0: Ball
1-0: Foul Ball, location: 2F
1-1: Swinging Strike
1-2: Strikes out swinging
Batting: RHB Carlos Gonzales 0-0: Fly out, F8 (Flyball, 8RXD, EV 102.5 MPH)
Top of the 3rd over - 0 runs, 0 hits, 0 errors, 0 left on base; Portland 0 - Miami Beach 0
BOTTOM OF THE 3RD
Miami Beach Marlins batting - Pitching for Portland Angels : RHP Hector Agudelo
Batting: RHB Rafael Irizarry 0-0: Ball
1-0: Ball
2-0: Swinging Strike
2-1: SINGLE (Line Drive, 34D, EV 98.1 MPH)
Batting: RHB Melvin Nava 0-0: Called Strike
0-1: Ball
Rafael Irizarry steals 2nd base (no throw)
1-1: Ground out 5-3 (Groundball, 56S, EV 86.2 MPH)
Batting: RHB Scott Talbot 0-0: Ball
1-0: Swinging Strike
1-1: Called Strike
Rafael Irizarry steals 3rd base
1-2: SINGLE (Groundball, 13S, EV 65.0 MPH) (infield hit)
Batting: RHB Clark Meagher 0-0: Called Strike
0-1: Ball
1-1: Foul Ball, location: 2F
1-2: Ball
2-2: Ball
3-2: Foul Ball, location: 2F
3-2: SINGLE (Groundball, 6D, EV 107.5 MPH)
Rafael Irizarry scores
Scott Talbot to second
Batting: RHB Orlando Melendres 0-0: SINGLE (Line Drive, 89M, EV 97.5 MPH)
Scott Talbot to third
Clark Meagher to second
Batting: RHB Hikaru Nakata 0-0: Foul Ball, location: 2F
0-1: Foul Ball, location: 2F
0-2: Ball
1-2: Fly out, F2 (Popup, 2LF, EV 91.9 MPH)
Batting: SHB Emmet Brickowski 0-0: Ball
1-0: SINGLE (Groundball, 34D, EV 103.8 MPH) (infield hit)
Scott Talbot scores
Clark Meagher to third
Orlando Melendres to second
Batting: RHB Troy Bush 0-0: Ball
1-0: Ball
2-0: Ball
3-0: Called Strike
3-1: Foul Ball, location: 2F
3-2: Strikes out looking
Bottom of the 3rd over - 2 runs, 5 hits, 0 errors, 3 left on base; Portland 0 - Miami Beach 2
TOP OF THE 4TH
Portland Angels batting - Pitching for Miami Beach Marlins : RHP Ryan Weedon
Batting: RHB Fernando Sosa 0-0: Ball
1-0: Swinging Strike
1-1: Ball
2-1: Foul Ball, location: 2F
2-2: Strikes out swinging
Batting: LHB Ramon Garduno 0-0: Called Strike
0-1: Foul Ball, location: 2F
0-2: Ball
1-2: Fly out, F8 (Flyball, 8RM, EV 91.2 MPH)
Batting: SHB Yuya Hirata 0-0: Ball
1-0: Foul Ball, location: 2F
1-1: Foul Ball, location: 2F
1-2: Ball
2-2: Strikes out looking
Top of the 4th over - 0 runs, 0 hits, 0 errors, 0 left on base; Portland 0 - Miami Beach 2
BOTTOM OF THE 4TH
Miami Beach Marlins batting - Pitching for Portland Angels : RHP Hector Agudelo
Batting: LHB Henry Huezo 0-0: Called Strike
0-1: Ball
1-1: Swinging Strike
1-2: SOLO HOME RUN (Flyball, 9D, EV 93.8 MPH), Distance : 375 ft
Batting: RHB Rafael Irizarry 0-0: Ball
1-0: Swinging Strike
1-1: Called Strike
1-2: Ball
2-2: Strikes out looking
Pitching: RHP Hector Gonzalez
Batting: RHB Melvin Nava 0-0: Ball
1-0: SOLO HOME RUN (Flyball, 78XD, EV 111.9 MPH), Distance : 433 ft
Batting: RHB Scott Talbot 0-0: Ball
1-0: Ball
2-0: Foul Ball, location: 2F
2-1: Swinging Strike
2-2: Strikes out swinging
Batting: RHB Clark Meagher 0-0: Swinging Strike
0-1: Ball
1-1: Ball
2-1: Reached on error, E2 (Groundball, 2R, EV 69.4 MPH)
Batting: RHB Orlando Melendres 0-0: Ball
1-0: Ground out 4-3 (Groundball, 4, EV 91.9 MPH)
Bottom of the 4th over - 2 runs, 2 hits, 1 error, 1 left on base; Portland 0 - Miami Beach 4
TOP OF THE 5TH
Portland Angels batting - Pitching for Miami Beach Marlins : RHP Ryan Weedon
Batting: RHB Arnaud Derosiers 0-0: Ball
1-0: Ground out 2-3 (Groundball, 2L, EV 66.2 MPH)
Batting: LHB Kevin Feldman 0-0: Called Strike
0-1: Called Strike
0-2: Ground out 5-3 (Groundball, 5, EV 85.6 MPH)
Batting: RHB Mario Martinez 0-0: Ball
1-0: Ball
2-0: Ball
3-0: Base on Balls
Batting: RHB Dan Contreras 0-0: Ball
1-0: Called Strike
1-1: Fly out, F9 (Flyball, 89S, EV 83.8 MPH)
Top of the 5th over - 0 runs, 0 hits, 0 errors, 1 left on base; Portland 0 - Miami Beach 4
BOTTOM OF THE 5TH
Miami Beach Marlins batting - Pitching for Portland Angels : RHP Hector Gonzalez
Batting: RHB Hikaru Nakata 0-0: SINGLE (Line Drive, 7LS, EV 112.5 MPH)
Batting: SHB Emmet Brickowski 0-0: Ball
1-0: Ball
Hikaru Nakata steals 2nd base
2-0: Ball
3-0: Called Strike
3-1: Foul Ball, location: 2F
3-2: SINGLE (Flyball, 78S, EV 89.4 MPH)
Hikaru Nakata to third
Batting: RHB Troy Bush 0-0: Ball
1-0: Called Strike
Emmet Brickowski steals 2nd base
1-1: Called Strike
1-2: SINGLE (Flyball, 7LS, EV 96.2 MPH)
Hikaru Nakata scores
Emmet Brickowski to third
Batting: LHB Henry Huezo 0-0: Foul Ball, location: 2F
0-1: Swinging Strike
0-2: Ball
1-2: Strikes out swinging
Batting: RHB Rafael Irizarry 0-0: Ball
1-0: Fielders Choice at 2nd, 5-4 (Groundball, 56D, EV 103.8 MPH)
Emmet Brickowski scores
Batting: RHB Melvin Nava 0-0: Called Strike
Rafael Irizarry steals 2nd base
0-1: Fly out, F9 (Flyball, 9, EV 97.5 MPH)
Bottom of the 5th over - 2 runs, 3 hits, 0 errors, 1 left on base; Portland 0 - Miami Beach 6
TOP OF THE 6TH
Portland Angels batting - Pitching for Miami Beach Marlins : RHP Ryan Weedon
Batting: LHB David Coatney 0-0: Called Strike
0-1: Ball
1-1: Ball
2-1: Ball
3-1: Called Strike
3-2: Strikes out swinging
Batting: RHB Carlos Gonzales 0-0: Ball
1-0: Hit by Pitch
Batting: RHB Fernando Sosa 0-0: Called Strike
0-1: Ball
1-1: Foul Ball, location: 2F
1-2: Ball
2-2: Foul Ball, location: 2F
2-2: Strikes out swinging
Batting: LHB Ramon Garduno 0-0: Called Strike
0-1: Called Strike
0-2: Ball
1-2: Ball
2-2: Strikes out swinging
Top of the 6th over - 0 runs, 0 hits, 0 errors, 1 left on base; Portland 0 - Miami Beach 6
BOTTOM OF THE 6TH
Miami Beach Marlins batting - Pitching for Portland Angels : RHP Hector Gonzalez
Batting: RHB Scott Talbot 0-0: Ball
1-0: Fly out, F8 (Flyball, 89D, EV 83.1 MPH)
Batting: RHB Clark Meagher 0-0: Ball
1-0: Swinging Strike
1-1: Fly out, F8 (Flyball, 8RM, EV 84.4 MPH)
Batting: RHB Orlando Melendres 0-0: Called Strike
0-1: Fly out, F9 (Flyball, 9S, EV 93.8 MPH)
Bottom of the 6th over - 0 runs, 0 hits, 0 errors, 0 left on base; Portland 0 - Miami Beach 6
TOP OF THE 7TH
Portland Angels batting - Pitching for Miami Beach Marlins : RHP Ryan Weedon
Batting: SHB Yuya Hirata 0-0: Ball
1-0: Ball
2-0: Foul Ball, location: 2F
2-1: Foul Ball, location: 2F
2-2: Ball
3-2: Foul Ball, location: 2F
3-2: Strikes out swinging
Batting: RHB Arnaud Derosiers 0-0: Foul Ball, location: 2F
0-1: Foul Ball, location: 2F
0-2: Ball
1-2: Foul Ball, location: 2F
1-2: Strikes out looking
Batting: LHB Kevin Feldman 0-0: Hit by Pitch
Batting: RHB Mario Martinez 0-0: Called Strike
0-1: Fly out, F8 (Flyball, 8LXD, EV 100.6 MPH)
Top of the 7th over - 0 runs, 0 hits, 0 errors, 1 left on base; Portland 0 - Miami Beach 6
BOTTOM OF THE 7TH
Miami Beach Marlins batting - Pitching for Portland Angels : RHP Hector Gonzalez
Batting: RHB Hikaru Nakata 0-0: Ball
1-0: Ball
2-0: Ball
3-0: Called Strike
3-1: Swinging Strike
3-2: Foul Ball, location: 2F
3-2: Ground out 5-3 (Groundball, 56, EV 84.4 MPH)
Batting: SHB Emmet Brickowski 0-0: Called Strike
0-1: Called Strike
0-2: Foul Ball, location: 2F
0-2: Ball
1-2: Ball
2-2: Strikes out swinging
Batting: RHB Troy Bush 0-0: DOUBLE (Line Drive, 3D, EV 96.9 MPH)
Pitching: LHP Kichizo Nakazawa
Batting: LHB Henry Huezo 0-0: Swinging Strike
0-1: Foul Ball, location: 2F
0-2: Foul Ball, location: 2F
0-2: Strikes out looking
Bottom of the 7th over - 0 runs, 1 hit, 0 errors, 1 left on base; Portland 0 - Miami Beach 6
TOP OF THE 8TH
Portland Angels batting - Pitching for Miami Beach Marlins : RHP Ryan Weedon
Batting: RHB Dan Contreras 0-0: Swinging Strike
0-1: Ball
1-1: Swinging Strike
1-2: Foul Ball, location: 2F
1-2: Strikes out swinging
Batting: LHB David Coatney 0-0: Called Strike
0-1: Ball
1-1: Swinging Strike
1-2: Ball
2-2: Ball
3-2: Strikes out swinging
Batting: RHB Carlos Gonzales 0-0: Called Strike
0-1: Called Strike
0-2: Ball
1-2: Ball
2-2: Foul Ball, location: 2F
2-2: Strikes out swinging
Top of the 8th over - 0 runs, 0 hits, 0 errors, 0 left on base; Portland 0 - Miami Beach 6
BOTTOM OF THE 8TH
Miami Beach Marlins batting - Pitching for Portland Angels : LHP Kichizo Nakazawa
Batting: RHB Rafael Irizarry 0-0: Called Strike
0-1: Foul Ball, location: 2F
0-2: Strikes out swinging, 2-3 out at first.
Batting: RHB Melvin Nava 0-0: Called Strike
0-1: Ground out 4-3 (Groundball, 4, EV 78.8 MPH)
Batting: RHB Scott Talbot 0-0: Ball
1-0: Ball
2-0: Ball
3-0: Called Strike
3-1: Called Strike
3-2: Fly out, F7 (Flyball, 7LD, EV 90.0 MPH)
Bottom of the 8th over - 0 runs, 0 hits, 0 errors, 0 left on base; Portland 0 - Miami Beach 6
TOP OF THE 9TH
Portland Angels batting - Pitching for Miami Beach Marlins : RHP Ryan Weedon
Batting: RHB Fernando Sosa 0-0: Called Strike
0-1: Ball
1-1: Ground out 6-3 (Groundball, 6, EV 87.5 MPH)
Batting: LHB Ramon Garduno 0-0: Ball
1-0: Called Strike
1-1: Swinging Strike
1-2: Strikes out swinging
Batting: SHB Yuya Hirata 0-0: Called Strike
0-1: Ball
1-1: Foul Ball, location: 2F
1-2: Foul Ball, location: 2F
1-2: Ball
2-2: Strikes out swinging
Top of the 9th over - 0 runs, 0 hits, 0 errors, 0 left on base; Portland 0 - Miami Beach 6
Thursday, December 15th , 2022 - OOTP Baseball 23.9 Build 102